 Dungeon Crawl Stone Soup version 0.20.0-10-g0535bb4 (webtiles) character file.

170 maniacrov the Firebug (level 5, -3/41 HPs)
             Began as a Hill Orc Fire Elementalist on June 3, 2017.
             Slain by a scorpion (10 damage)
             ... on level 3 of the Dungeon.
             The game lasted 00:16:24 (1607 turns).

maniacrov the Firebug (Hill Orc Fire Elementalist)  Turns: 1607, Time: 00:16:25

Health: -3/41      AC:  6    Str: 11    XL:     5   Next: 51%
Magic:  0/8        EV: 12    Int: 16    God:
Gold:   59         SH:  0    Dex: 11    Spells: 5/8 levels left

rFire    . . .     SeeInvis .   e - +0 hand axe
rCold    . . .     Gourm    .   (no shield)
rNeg     . . .     Faith    .   o - +1 robe
rPois    .         Spirit   .   a - +0 helmet
rElec    .         Reflect  .   (no cloak)
rCorr    .         Harm     .   f - +0 pair of gloves
MR       .....                  g - +0 pair of boots
Stlth    ++........             (no amulet)
Regen    0.2/turn               (no ring)
MPRegen  0.2/turn               (no ring)

@: lethally poisoned (-3 -> -9)
A: no striking features
a: no special abilities


You were on level 3 of the Dungeon.
You were very full.

You visited 1 branch of the dungeon, and saw 3 of its levels.

You collected 59 gold pieces.

Inventory:

Hand Weapons
 e - a +0 hand axe (weapon)
Missiles
 k - 3 tomahawks (quivered)
Armour
 a - a +0 helmet (worn)
 f - a +0 pair of gloves (worn)
 g - a +0 pair of boots (worn)
 o - a +1 robe (worn)
Scrolls
 l - 2 scrolls of teleportation
Potions
 d - a potion of mutation {unknown}
 i - a potion of lignification
Books
 b - a book of Flames

   Spells                             Type                      Level
   a - Flame Tongue                   Conjuration/Fire             1
   b - Throw Flame                    Conjuration/Fire             2
   c - Conjure Flame                  Conjuration/Fire             3
   d - Inner Flame                    Hexes/Fire                   3
   e - Sticky Flame                   Conjuration/Fire             4
   f - Fireball                       Conjuration/Fire             5
Comestibles
 c - a bread ration
 j - a royal jelly
 m - a meat ration


   Skills:
 + Level 2.2 Fighting
 + Level 3.2 Axes
 + Level 2.1 Dodging
 + Level 1.9 Stealth
 + Level 2.1 Spellcasting
 + Level 1.5 Conjurations
 + Level 4.1 Fire Magic


You had 5 spell levels left.
You knew the following spells:

 Your Spells              Type           Power        Failure   Level  Hunger
a - Throw Flame           Conj/Fire      ##....       10%         2    ###....
b - Flame Tongue          Conj/Fire      ##...        6%          1    #......


Dungeon Overview and Level Annotations

Branches:
Dungeon (3/15)

Altars:
Kikubaaqudgha


Message History

Aim: a scorpion The puff of flame hits the scorpion.
The scorpion is lightly wounded.
The scorpion closely misses you.
Casting: Throw Flame
Confirm with . or Enter, or press ? or * to list all spells.
Aiming: Throw Flame
Press: ? - help, Shift-Dir - straight line, f/p - scorpion
Aim: a scorpion (lightly wounded)
The puff of flame hits the scorpion.
The scorpion is moderately wounded.
The scorpion stings you!
* * * LOW HITPOINT WARNING * * *
You are poisoned.
The scorpion poisons you!
You barely miss the scorpion.
The scorpion is moderately wounded.
* * * LOW HITPOINT WARNING * * *
You feel sick. The scorpion stings you!
You die...

#.## #.....
###..#######...# #
##.....#........# #
##.............#.# #
#................###
#................(((
#...............####
#..s................
#..@................
#...............###.
##.............####.
##.....#.....<.....
##########.#####..
###.#####.#
#........†.
.....#...... #..
#.......


You could see a scorpion.

Vanquished Creatures
  A centaur skeleton (D:3)
  Jessica (D:2)
  5 adders
  3 worms
  2 dart slugs
  A leopard gecko (D:2)
  5 orcs (D:3)
  5 bats
  4 giant cockroaches
  5 goblins
  5 hobgoblins
  3 jackals (D:1)
  2 kobolds (D:3)
  9 frilled lizards (D:2)
  3 rats (D:1)
  2 plants (D:2)
56 creatures vanquished.

Notes
Turn   | Place    | Note
-------+----------+-------------------------------------------
     0 | D:1      | maniacrov the Hill Orc Fire Elementalist began the quest for the Orb.
     0 | D:1      | Reached XP level 1. HP: 14/14 MP: 3/3
   253 | D:1      | Reached XP level 2. HP: 8/20 MP: 2/4
   432 | D:2      | Reached skill level 1 in Axes
   432 | D:2      | Reached XP level 3. HP: 19/27 MP: 1/6
   442 | D:2      | Found an ancient bone altar of Kikubaaqudgha.
   797 | D:2      | Reached skill level 1 in Fighting
   962 | D:2      | Noticed Jessica
   967 | D:2      | Killed Jessica
   967 | D:2      | Reached skill level 4 in Fire Magic
   967 | D:2      | Reached XP level 4. HP: 33/35 MP: 3/7
   994 | D:2      | Learned a level 2 spell: Throw Flame
  1069 | D:2      | Learned a level 1 spell: Flame Tongue
  1436 | D:3      | Reached XP level 5. HP: 27/41 MP: 1/8
  1607 | D:3      | Slain by a scorpion

Skill      XL: |  1  2  3  4  5 |
---------------+----------------+-----
Spellcasting   | 2 |  2.1
Axes           | 1 2 3 |  3.2
Fighting       | 1 2 |  2.2
Dodging        | 2 |  2.1
Fire Magic     | 4 |  4.1
Stealth        | |  1.9
Conjurations   | |  1.5

Action                   |  1- 3 |  4- 6 || total
-------------------------+-------+-------++-------
Melee: Hand axe          |   186 |    81 ||   267
 Cast: Flame Tongue      |    22 |     2 ||    24
       Throw Flame       |       |    20 ||    20
  Use: Scroll            |     3 |     2 ||     5
       Potion            |       |     5 ||     5
 Stab: Sleeping          |     1 |       ||     1
  Eat: Bread ration      |       |     2 ||     2
       Royal jelly       |       |     1 ||     1
Armor: Robe              |    34 |    35 ||    69
Dodge: Dodged            |    74 |    74 ||   148
